 Dungeon Crawl Stone Soup version 0.30-a0-371-gad7725a93e (webtiles) character file.

Game seed: 10142967704273083371

3438 experimilk the Destroyer (level 9, -3/62 HPs)
             Began as a Purple Draconian Conjurer on Nov 20, 2022.
             Was a Believer of Sif Muna.
             Shot with a sling bullet by Joseph (11 damage)
             ... on level 7 of the Dungeon.
             The game lasted 00:22:06 (6607 turns).

experimilk the Destroyer (DrCj)                     Turns: 6607, Time: 00:22:06

Health: -3/62      AC: 11    Str:  9    XL:     9   Next: 77%
Magic:  12/16      EV: 12    Int: 22    God:    Sif Muna [**....]
Gold:   245        SH:  0    Dex: 11    Spells: 3/18 levels left

rFire   . . .      SeeInvis .    m - +1 short sword (venom)
rCold   . . .      Faith    .    (no shield)
rNeg    . . .      Spirit   .    (body armour unavailable)
rPois   .          Reflect  .    (helmet restricted)
rElec   .          Harm     .    (no cloak)
rCorr   .          Rampage  .    q - +0 pair of gloves
Will    +....                    p - +2 pair of boots
Stlth   ++........               f - amulet of magic regeneration
HPRegen 0.30/turn                (no ring)
MPRegen 0.55/turn                (no ring)

@: brilliant
A: breathe power, AC +7, unfitting armour, cold-blooded
a: Breathe Dispelling Energy, Renounce Religion, Channel Magic


You were on level 7 of the Dungeon.
You worshipped Sif Muna.
Sif Muna was pleased with you.
You visited 1 branch of the dungeon, and saw 7 of its levels.

You collected 245 gold pieces.

Inventory:

Hand Weapons
 c - a +0 short sword
 m - a +1 short sword of venom (weapon)
Missiles
 j - 4 throwing nets
Armour
 p - a +2 pair of boots (worn)
 q - a +0 pair of gloves (worn)
Jewellery
 f - an amulet of magic regeneration (around neck)
 v - a ring of resist corrosion
Wands
 t - a wand of digging (4)
 u - a wand of flame (23)
Scrolls
 b - a scroll of amnesia {unknown}
 e - 5 scrolls of teleportation
 h - a scroll of brand weapon {unknown}
 k - a scroll of enchant weapon {unknown}
 n - a scroll of enchant armour {unknown}
 s - a scroll of poison {unknown}
Potions
 a - a potion of brilliance
 d - 2 potions of mutation
 g - a potion of haste
 i - a potion of berserk rage
 l - a potion of might {unknown}
 o - a potion of lignification {unknown}
 r - a potion of curing


   Skills:
 - Level 1.7 Dodging
 - Level 1.7 Stealth
 - Level 5.0 Spellcasting
 * Level 11.7 Conjurations
 - Level 5.0 Hexes
 - Level 1.2 Summonings
 - Level 3.0 Translocations
 - Level 5.0 Invocations


You had 3 spell levels left.
You knew the following spells:

 Your Spells              Type           Power      Damage    Failure   Level
a - Dazzling Flash        Conj/Hex       100%       N/A       1%          3
b - Magic Dart            Conj           100%       1d8       1%          1
c - Fulminant Prism       Conj/Hex       29%        3d14      3%          4
d - Summon Small Mammal   Summ           64%        N/A       6%          1
x - Iskenderun's Mystic   Conj/Tloc      54%        2d12      4%          4
z - Searing Ray           Conj           100%       2d8       1%          2

Your spell library contained the following spells:

 Spells                   Type           Power      Damage    Failure   Level
 Portal Projectile        Hex/Tloc       68%        N/A       6%          3
 Summon Guardian Golem    Hex/Summ       28%        N/A       9%          3
 Call Canine Familiar     Summ           16%        N/A       19%         3
 Leda's Liquefaction      Hex/Erth       12%        N/A       34%         4


Dungeon Overview and Level Annotations

Branches:
Dungeon (7/15)             Temple (0/1) D:4

Altars:
Ashenzari
Elyvilon
Kikubaaqudgha
Sif Muna
Wu Jian

Shops:
D:7 [

Annotations:
D:2 Sigmund
D:3 4 runed translucent doors, Crazy Yiuf; Terence; flotson's ghost, weakling DsDe
D:7 Joseph


Innate Abilities, Weirdness & Mutations

You can breathe bolts of dispelling energy.
Your rich purple scales are hard. (AC +7)
You cannot fit into any form of body armour.
You are cold-blooded and may be slowed by cold attacks.


Message History

Press: ? - help, Dir - look around, f - activate Joseph shoots a sling bullet.
The sling bullet hits you.
Unknown command.
You feel clever all of a sudden.
Joseph shoots a sling bullet.
The sling bullet hits you!
Casting: Dazzling Flash (safe; 1% risk of failure)
Confirm with . or Enter, or press ? or * to list all spells.
Casting: Dazzling Flash (safe; 1% risk of failure)
Press: ? - help, Dir - look around, f - activate You feel a surge of power!
Joseph is dazzled.
Unknown command.
Casting: Dazzling Flash (safe; 1% risk of failure)
Confirm with . or Enter, or press ? or * to list all spells.
You feel a surge of power!
You erupt in a blast of force!
The mystic blast hits Joseph!
Joseph is lightly wounded.
Joseph is knocked back by the mystic blast.
Joseph shoots a sling bullet.
The sling bullet hits you!
Casting: Iskenderun's Mystic Blast (dangerous; 4% risk of failure)
Confirm with . or Enter, or press ? or * to list all spells.
Aiming: Searing Ray (safe; 1% risk of failure)
Press: ? - help, Shift-Dir - straight line, f - Joseph
Aim: Joseph, wielding a +0 sling and wearing a +0 leather armour (lightly wounded, blind, 83% to hit)
You feel a surge of power!
The searing ray hits Joseph!
Joseph is moderately wounded. (Press . to maintain the ray.)
The searing ray misses Joseph.
The searing ray hits Joseph!
Joseph is heavily wounded.
Joseph is no longer blind.
Joseph shoots a sling bullet.
The sling bullet hits you!
* * * LOW HITPOINT WARNING * * *
There is an open door, spattered with blood here.
You close the door.
Something unseen opens the door.
Joseph shoots a sling bullet.
The sling bullet hits you but does no damage.
There is a stone staircase leading up, spattered with blood here.
Joseph shoots a sling bullet.
The sling bullet hits you!
You die...

#......#.....##
#......#......#
#......#......#
#......@......#
#......#......#
#......#...(..#
........#......#
......@.#......#
........#....@.#
........#....†##
.......#.....#
#.....# #.....#
+.....+
.......####+##
..........
...........


You could see Joseph.

Vanquished Creatures
  A two-headed ogre (D:5)
  Maggie (D:7)
  Prince Ribbit (D:7)
  3 water moccasins
  An ice beast (D:6)
  2 sky beasts
  An ogre (D:4)
  A centaur (D:5)
  2 bullfrogs
  A gnoll sergeant (D:5)
  6 scorpions
  2 necrophages
  A howler monkey (D:6)
  7 hounds
  A jelly (D:5)
  3 orc priests
  A gnoll bouda (D:5)
  2 iguanas
  6 orc wizards
  16 gnolls
  7 adders
  A white imp (D:7)
  2 ufetubi (D:6)
  2 worms
  2 dart slugs (D:4)
  28 orcs
  3 ball pythons
  12 endoplasms
  6 giant cockroaches
  6 goblins
  5 hobgoblins
  5 jackals
  3 quokkas
  3 bats
  3 frilled lizards
  4 kobolds
  3 rats
154 creatures vanquished.

Vanquished Creatures (others)
  A butterfly (D:6)
  5 fulminant prisms (D:7)
  7 plants
13 creatures vanquished.

Grand Total: 167 creatures vanquished

Notes
Turn   | Place    | Note
-------+----------+-------------------------------------------
     0 | D:1      | experimilk the Draconian Conjurer began the quest for the
                  | Orb.
     0 | D:1      | Reached XP level 1. HP: 14/14 MP: 3/3
   319 | D:1      | Reached XP level 2. HP: 20/20 MP: 1/5
   555 | D:1      | Learned a level 2 spell: Searing Ray
   569 | D:1      | Found a faded altar of an unknown god.
   840 | D:2      | Reached skill level 5 in Conjurations
   844 | D:2      | Reached XP level 3. HP: 26/26 MP: 4/6
   967 | D:2      | Noticed Sigmund
  1031 | D:2      | Noticed a necrophage
  1100 | D:2      | Identified the +10 dagger of Wondrous Power {vorpal,
                  | Stlth+}
  1290 | D:2      | Killed a necrophage
  1291 | D:2      | Reached XP level 4. HP: 21/33 MP: 0/7
  1559 | D:3      | Reached skill level 6 in Conjurations
  1568 | D:2      | Learned a level 4 spell: Iskenderun's Mystic Blast
  1603 | D:3      | Found a runed translucent gate.
  1603 | D:3      | Found a runed translucent gate.
  1603 | D:3      | Found a runed translucent gate.
  1605 | D:3      | Noticed a kobold brigand
  1605 | D:3      | Noticed flotson's ghost (weakling DsDe)
  1875 | D:2      | Reached XP level 5. HP: 38/38 MP: 6/8
  2031 | D:3      | Noticed Terence
  2411 | D:3      | Reached skill level 1 in Translocations
  2484 | D:3      | Found a shimmering blue altar of Sif Muna.
  2497 | D:3      | Reached skill level 7 in Conjurations
  2502 | D:3      | Reached XP level 6. HP: 45/45 MP: 6/9
  2555 | D:3      | Became a worshipper of Sif Muna the Loreminder
  2635 | D:3      | Found a runed translucent door.
  2636 | D:3      | Noticed Crazy Yiuf
  2866 | D:3      | Found a broken altar of Ashenzari.
  3460 | D:4      | Your scales start taking on a rich purple colour.
  3460 | D:4      | Reached XP level 7. HP: 50/50 MP: 6/10
  3518 | D:4      | Found a staircase to the Ecumenical Temple.
  3789 | D:4      | Reached skill level 8 in Conjurations
  4045 | D:5      | Entered Level 5 of the Dungeon
  4239 | D:5      | Reached skill level 9 in Conjurations
  4263 | D:5      | Reached * piety under Sif Muna
  4347 | D:5      | Reached skill level 1 in Invocations
  4433 | D:5      | Found the +18 Lear's hauberk
  4434 | D:5      | Noticed a two-headed ogre
  4442 | D:5      | Reached XP level 8. HP: 57/57 MP: 7/11
  4583 | D:5      | Learned a level 4 spell: Fulminant Prism
  4790 | D:5      | Killed a two-headed ogre
  4791 | D:5      | Reached skill level 10 in Conjurations
  4791 | D:5      | Reached skill level 5 in Invocations
  5019 | D:5      | Identified the +5 spear of Scorn {vamp, *Noise rC++}
  5163 | D:5      | Reached XP level 9. HP: 62/62 MP: 5/13
  5628 | D:6      | Learned a level 1 spell: Summon Small Mammal
  5692 | D:6      | Found an ancient bone altar of Kikubaaqudgha.
  5757 | D:6      | Reached skill level 1 in Summonings
  5874 | D:6      | Found a white marble altar of Elyvilon.
  6059 | D:6      | Found an ornate altar of the Wu Jian Council.
  6247 | D:7      | Found Poehohuo's Antique Armour Emporium.
  6254 | D:7      | Reached skill level 11 in Conjurations
  6352 | D:7      | Noticed Maggie
  6361 | D:7      | Killed Maggie
  6361 | D:7      | Reached ** piety under Sif Muna
  6362 | D:7      | Reached skill level 5 in Hexes
  6451 | D:7      | Noticed Joseph
  6517 | D:7      | Noticed Prince Ribbit
  6522 | D:7      | Killed Prince Ribbit
  6523 | D:7      | Reached skill level 5 in Spellcasting
  6572 | D:7      | Learned a level 3 spell: Dazzling Flash
  6607 | D:7      | Shot with a sling bullet by Joseph

Illustrated notes

Levels and vault maps discovered:
D:1:      nzn_arrival_depleted_hourglass, layout_rooms,
          dreamdust_ecumenical_altar_angels_and_demons
D:2:      layout_basic, uniq_sigmund
D:3:      layout_rooms, amcnicky_altar_gilded, mainiacjoe_overflow_alcove_4,
          gammafunk_ghost_nasty_kobolds, serial_corexii_hall,
          corexii_hall_statues_i, corexii_hall_statues_i, minivault_24,
          uniq_terence, uniq_crazy_yiuf_cottage
D:4:      layout_gridville, minmay_temple_entry_nine_rooms
D:5:      minmay_clustersquares, layout_basic, hangedman_decor_clover_reticule
D:6:      layout_basic, nicolae_elyvilon_peaceful_grove,
          mainiacjoe_overflow_big_doors
D:7:      layout_gridville, nicolae_stop_n_shop_2, uniq_duvessa, uniq_maggie,
          uniq_joseph, uniq_prince_ribbit1

Skill      XL: |  1  2  3  4  5  6  7  8  9 |
---------------+----------------------------+-----
Conjurations   | 5 6 7 9 10 11 | 11.7
Translocations | 1 2 3 |  3.0
Invocations    | 1 5 |  5.0
Hexes          | 3 5 |  5.0
Spellcasting   | 3 5 |  5.0
Summonings     | 1 |  1.2
Dodging        | |  1.7
Stealth        | |  1.7

Action                   |  1- 3 |  4- 6 |  7- 9 || total
-------------------------+-------+-------+-------++-------
Melee: Short sword       |     5 |    13 |    11 ||    29
       Punch             |       |     1 |     1 ||     2
       Tailslap          |       |       |     1 ||     1
 Cast: Magic Dart        |    57 |    78 |    60 ||   195
       Searing Ray       |     4 |    24 |    44 ||    72
       Iskenderun's Myst |       |       |     7 ||     7
       Fulminant Prism   |       |       |     5 ||     5
       Summon Small Mamm |       |       |     4 ||     4
       Dazzling Flash    |       |       |     3 ||     3
Invok: Channel Magic     |       |       |     1 ||     1
 Abil: Breathe Dispellin |       |       |     6 ||     6
  Use: Scroll            |     1 |     3 |     3 ||     7
       Potion            |       |       |     4 ||     4
Armor: Skin              |     4 |    18 |    33 ||    55
Dodge: Dodged            |     9 |    20 |    57 ||    86

Table legend: (Time is in decaauts)
 A = Elapsed time spent in this place.
 B = Non-inter-level travel time spent in this place.
 C = Inter-level travel time spent in this place.
 D = Time resting spent in this place.
 E = Time spent auto-exploring this place.
 F = Levels seen in this place.
 G = Mean time per level.
                   A        B        C        D        E       F      G
               +--------+--------+--------+--------+--------+-----+--------+
         Total |   6613 |   6305 |    308 |   1790 |   3096 |   7 |  944.7 |
       Dungeon |   6613 |   6305 |    308 |   1790 |   3096 |   7 |  944.7 |
               +--------+--------+--------+--------+--------+-----+--------+

Top non-repeatable levels by time:
     D:5: 1271 daAuts
     D:2: 1147 daAuts
     D:3: 1135 daAuts
     D:6: 980 daAuts
     D:4: 932 daAuts
     D:1: 834 daAuts
     D:7: 311 daAuts
